 Dungeon Crawl Stone Soup version 0.31-a0-229-g1fc7ce93e2 (webtiles) character file.

Game seed: 1922378430061898216

36554 qw the Marksgargoyle (level 13, 0/84 HPs)
             Began as a Gargoyle Hexslinger on July 6, 2023.
             Was an Elder of Okawaru.
             Slain by a cane toad (3 damage)
             ... on level 5 of the Lair of Beasts.
             The game lasted 00:06:43 (11803 turns).

qw the Marksgargoyle (Gargoyle Hexslinger)         Turns: 11803, Time: 00:06:43

Health: 0/84       AC: 20    Str: 13    XL:     13   Next: 91%
Magic:  20/20      EV: 17    Int: 16    God:    Okawaru [****..]
Gold:   994        SH:  5    Dex: 16    Spells: 13/14 levels left

rFire   . . .        Y - +2 arbalest
rCold   + . .        (shield currently unavailable)
rNeg    + . .        e - +0 troll leather armour
rPois   inf          (no helmet)
rElec   +            (no cloak)
rCorr   .            a - +1 pair of gloves
SInv    .            h - +1 pair of boots
Will    .....        g - amulet of the Invisible Hand {Reflect *Slow Fly Int+2 SH+5 Stlth+}
Stlth   ++++         m - +4 ring of slaying {mikee}
HPRegen 1.14/turn    p - ring of protection from cold
MPRegen 0.17/turn

%: slow self (1%), reflection
@: about to teleport, heroic, flying
A: sickness immunity, AC +9, negative energy resistance 1, electricity
resistance, torment resistance 1, petrification resistance
a: Renounce Religion, Heroism, Finesse


You were on level 5 of the Lair of Beasts.
You worshipped Okawaru.
Okawaru was greatly pleased with you.
You visited 3 branches of the dungeon, and saw 16 of its levels.

You collected 994 gold pieces.


Innate Abilities, Weirdness & Mutations

You are immune to sickness and miasma.
Your stone body is resilient. (AC +9)
You are immune to poison.
You resist negative energy. (rN+)
You are resistant to electric shocks. (rElec)
You are resistant to unholy torment.
You are immune to petrification.


   Skills:
 - Level 11.0(16.0) Fighting
 + Level 17.8(22.8) Ranged Weapons
 - Level 5.0(10.0) Armour
 - Level 5.0(10.0) Dodging
 - Level 1.0 Spellcasting
 - Level 2.6 Hexes
 - Level 10.0 Invocations


You had 13 spell levels left.
You knew the following spells:

 Your Spells              Type           Power      Damage    Failure   Level
a - Slow                  Hex            36%        N/A       9%          1

Your spell library contained the following spells:

 Spells                   Type           Power      Damage    Failure   Level
 Inner Flame              Hex/Fire       5%         N/A       43%         3
 Portal Projectile        Hex/Tloc       10%        N/A       43%         3
 Cause Fear               Hex            4%         N/A       65%         4

Inventory:

Hand Weapons
 Y - a +2 arbalest (weapon)
Armour
 a - a +1 pair of gloves (worn)
 e - a +0 troll leather armour (worn)
 h - a +1 pair of boots (worn)
Jewellery
 g - the amulet of the Invisible Hand (around neck) {Reflect *Slow Fly Int+2 SH+5 Stlth+}
   (You acquired it on level 3 of the Dungeon)

   [amulet of reflection]

   It reflects blocked missile attacks.
   Int:       It affects your intelligence (+2).
   Fly:       It grants you flight.
   *Slow:     It may slow you when you take damage.
   SH:        It affects your SH (+5).
   Stlth:     It makes you more stealthy.
 m - a +4 ring of slaying (left hand) {mikee}
 p - a ring of protection from cold (right hand)
Scrolls
 d - 3 scrolls of teleportation
 f - 8 scrolls of identify
Potions
 b - 3 potions of enlightenment
 i - a potion of might
 j - 6 potions of haste
 k - 6 potions of curing
 o - a potion of magic

Dungeon Overview and Level Annotations

Branches:
Dungeon (10/15)            Temple (1/1) D:6            Lair (5/5) D:10
 Shoals (0/4) Lair:2        Snake (0/4) Lair:3        Slime (0/5) Lair:4
    Orc (0/2) D:10

Altars:
Ashenzari
Cheibriados
Dithmenos
Elyvilon
Fedhas
Gozag
Hepliaklqana
Kikubaaqudgha
Makhleb
Nemelex Xobeh
Okawaru
Qazlal
Ru
Sif Muna
Trog
Uskayaw
Vehumet
Wu Jian
Xom
Yredelemnul
Zin
The Shining One
Jiyva

Portals:
Trove: D:10 (give 18 potions of curing)

Annotations:
D:6 Grinder
D:7 1 runed translucent door, Crazy Yiuf
Lair:1 2 transporters
Lair:4 1 runed translucent door


Message History

The skyshark barely misses you.
The skyshark tail-slaps you but does no damage. x2
You shoot a bolt. The bolt barely misses the blink frog.
The cane toad completely misses you. The cane toad closely misses you.
The blink frog blinks!
The skyshark completely misses you. The skyshark tail-slaps you. x2
You shoot a bolt. The bolt hits the skyshark!
The skyshark is lightly wounded.
The cane toad barely misses you. The cane toad closely misses you.
You block the cane toad's attack. The skyshark closely misses you. x2
The skyshark completely misses you.
You shoot a bolt. The bolt hits the skyshark!!
The skyshark is heavily wounded.
The cane toad stings you! The cane toad barely misses you.
You block the cane toad's attack.
The skyshark bites you but does no damage.
The skyshark tail-slaps you! The skyshark closely misses you.
You shoot a bolt. The bolt hits the skyshark!!
The skyshark is severely wounded.
The blink frog blinks!
You block the cane toad's attack. The blink frog barely misses you.
The cane toad closely misses you. The skyshark bites you!
The skyshark tail-slaps you but does no damage. x2
11801 ||| READING 4 scrolls of teleportation.
As you read the scroll of teleportation, it crumbles to dust.
You feel strangely unstable. The cane toad completely misses you.
The blink frog blinks!
The cane toad stings you but does no damage.
The skyshark misses you. The skyshark closely misses you.
The skyshark tail-slaps you but does no damage.
You shoot a bolt. The bolt hits the skyshark!!
You kill the skyshark!
Okawaru accepts your kill. The cane toad stings you.
The blink frog blinks!
The cane toad misses you. The blink frog closely misses you.
You shoot a bolt. The bolt closely misses the blink frog.
The cane toad closely misses you. The blink frog completely misses you.
The cane toad closely misses you. The blink frog hits you!
The cane toad stings you.
You die...

##.###...........
#.........%....##
##.........%.####
#......F.#...%~.
#.#........~...~#
##......P.......~#
##...........~..~~~
#..FF...........~P.
###@F¤...#...~.~~~
#F%.......~~~~P
#...#.... ##.#.#...
###.... .... ... ..


You could see 2 cane toads and 3 blink frogs.

Vanquished Creatures
  Rupert (Lair:4)
  Josephine (Lair:4)
  Harold (Lair:2)
  A vault guard (D:10)
  3 hydras
  3 two-headed ogres
  A skyshark (Lair:5)
  Pikel (D:7)
  3 elephants (Lair:3)
  5 black mambas
  18 cane toads
  Psyche (D:8)
  6 komodo dragons
  3 rime drakes
  3 polar bears
  4 trolls
  7 blink frogs
  4 wyverns
  4 wraiths
  28 yaks
  3 basilisks
  A vampire mosquito (Lair:5)
  Menkaure (D:7)
  2 steam dragons
  An acid dragon (D:10)
  14 water moccasins
  5 black bears
  6 orc warriors
  3 hornet zombies (D:7)
  A sky beast (D:6)
  3 ice beasts
  4 ogres
  10 wolves
  2 centaurs
  A lemure (D:7)
  2 phantoms
  5 kobold brigands
  2 gnoll sergeants (D:10)
  5 scorpions
  18 bullfrogs
  A wyvern zombie (D:7)
  A water moccasin zombie (D:7)
  7 wights (D:7)
  21 killer bees
  3 electric eels
  8 howler monkeys
  A jelly (D:6)
  A centaur zombie (D:7)
  2 bullfrog zombies (D:7)
  5 orc priests
  2 gnoll boudas (D:6)
  3 hounds
  2 sleepcaps (D:5)
  Jessica (D:3)
  Natasha (thrice) (D:4)
  5 iguanas
  2 orc wizards
  A killer bee zombie (D:7)
  2 howler monkey zombies (D:7)
  4 adders
  19 gnolls
  2 shadow imps
  3 white imps (D:7)
  2 worms
  33 orcs
  8 endoplasms
  5 giant cockroaches
  4 goblins
  7 hobgoblins
  4 jackals (D:3)
  5 quokkas
  4 ball pythons
  3 bats
  6 frilled lizards
  22 kobolds
  2 rats
391 creatures vanquished.

Notes
Turn   | Place    | Note
-------+----------+-------------------------------------------
     0 | D:1      | qw the Gargoyle Hexslinger began the quest for the Orb.
     0 | D:1      | Reached XP level 1. HP: 12/12 MP: 2/2
     0 | D:1      | 0 ||| qw: Version: 0.3-a-46-gb1f654a
     0 | D:1      | 0 ||| qw: Game counter: 1248
     0 | D:1      | 0 ||| qw: Melee chars always use a shield: true
     0 | D:1      | 0 ||| qw: God list: Okawaru
     0 | D:1      | 0 ||| qw: Allow faded altars: false
     0 | D:1      | 0 ||| qw: Do Orc after clearing Dungeon:15 true
     0 | D:1      | 0 ||| qw: Do second Lair branch before Depths: true
     0 | D:1      | 0 ||| qw: Lair rune preference: random
     0 | D:1      | 0 ||| qw: Goals: Normal
     0 | D:1      | 0 ||| PLANNING D:1-11
   141 | D:1      | Reached XP level 2. HP: 16/16 MP: 3/3
   287 | D:1      | Reached skill level 3 in Ranged Weapons
   433 | D:1      | 433 ||| UPGRADING to +0 ring mail.
   443 | D:1      | 443 ||| DROPPING +0 robe.
   444 | D:1      | 444 ||| READING scroll labelled ASETHR YMMIUBB.
   445 | D:1      | 445 ||| READING 2 scrolls labelled ROUCKEQEA.
   446 | D:1      | 446 ||| READING scroll labelled QENKINO GERINN.
   450 | D:1      | 450 ||| READING scroll labelled PUOMEA JISM.
   451 | D:1      | 451 ||| READING scroll labelled JEUCIE LATT.
   452 | D:1      | 452 ||| DROPPING scroll of poison.
   783 | D:2      | Reached XP level 3. HP: 21/21 MP: 4/4
   843 | D:2      | 843 ||| UPGRADING to +0 pair of gloves.
   848 | D:2      | 848 ||| UPGRADING to +1 pair of boots.
   853 | D:2      | 853 ||| READING scroll labelled BAREIS PAOMUAT.
  1050 | D:3      | HP: 5/21 [gnoll/+0 whip (3)]
  1051 | D:3      | Reached skill level 1 in Armour
  1051 | D:3      | 1051 ||| READING 2 scrolls of teleportation.
  1223 | D:3      | Reached XP level 4. HP: 9/26 MP: 5/5
  1231 | D:3      | HP: 3/26 [orc/+0 mace (7)]
  1232 | D:3      | 1232 ||| READING scroll of teleportation.
  1233 | D:3      | HP: 1/26 [orc/+0 mace (3)]
  1441 | D:3      | Reached skill level 4 in Ranged Weapons
  1706 | D:3      | Reached XP level 5. HP: 28/30 MP: 6/6
  1756 | D:3      | Noticed Jessica
  1763 | D:3      | Killed Jessica
  1764 | D:3      | Reached skill level 5 in Ranged Weapons
  2056 | D:3      | 2056 ||| READING scroll labelled ZUEVUS INYJI.
  2057 | D:3      | 2057 ||| READING scroll labelled FOTSEU PYIBUPP.
  2057 | D:3      | Identified a scroll of acquirement
  2057 | D:3      | 2057 ||| ACQUIRING amulet of the Invisible Hand {Reflect
                  | *Slow Fly Int+2 SH+5 Stlth+}
  2057 | D:3      | Acquired the amulet of the Invisible Hand {Reflect *Slow
                  | Fly Int+2 SH+5 Stlth+}
  2059 | D:3      | 2059 ||| UPGRADING to amulet of the Invisible Hand {Reflect
                  | *Slow Fly Int+2 SH+5 Stlth+}.
  2064 | D:3      | 2064 ||| READING scroll labelled REDICAWN XYGA.
  2065 | D:3      | 2065 ||| READING scroll labelled CUCODAU LUTOMN.
  2066 | D:3      | 2066 ||| READING scroll labelled WOTA UHEHIC.
  2067 | D:3      | 2067 ||| DRINKING 2 murky blue potions.
  2178 | D:3      | 2178 ||| UPGRADING to +3 leather armour.
  2188 | D:3      | 2188 ||| DROPPING +0 ring mail.
  2189 | D:3      | 2189 ||| READING 4 scrolls of identify.
  2189 | D:3      | 2189 ||| IDENTIFYING red potion
  2190 | D:3      | 2190 ||| READING 3 scrolls of identify.
  2190 | D:3      | 2190 ||| IDENTIFYING ruby potion
  2191 | D:3      | 2191 ||| READING 2 scrolls of identify.
  2191 | D:3      | 2191 ||| IDENTIFYING yellow potion
  2192 | D:3      | 2192 ||| DROPPING potion of berserk rage.
  2246 | D:4      | Noticed a black bear
  2253 | D:4      | Killed a black bear
  2254 | D:4      | Reached skill level 3 in Fighting
  2254 | D:4      | Reached XP level 6. HP: 38/38 MP: 7/7
  2267 | D:4      | Noticed Natasha
  2284 | D:4      | Killed Natasha
  2297 | D:4      | Reached skill level 6 in Ranged Weapons
  2307 | D:4      | 2307 ||| FLEEEEING.
  2311 | D:4      | 2311 ||| STAIRDANCE
  2342 | D:4      | Noticed a black bear
  2350 | D:4      | Killed a black bear
  2351 | D:4      | Reached XP level 7. HP: 44/44 MP: 8/8
  2495 | D:4      | Noticed Natasha
  2498 | D:4      | Killed Natasha
  2564 | D:4      | Noticed Natasha
  2573 | D:4      | Reached skill level 7 in Ranged Weapons
  2576 | D:4      | Killed Natasha
  2639 | D:4      | 2639 ||| READING 3 scrolls labelled KUITUE YNNAWO.
  2640 | D:4      | 2640 ||| READING 2 scrolls of enchant weapon.
  2640 | D:4      | 2640 ||| ENCHANTING +2 sling of draining.
  2641 | D:4      | 2641 ||| READING scroll of enchant weapon.
  2641 | D:4      | 2641 ||| ENCHANTING +3 sling of draining.
  2642 | D:4      | 2642 ||| READING scroll labelled ZUBEUGRERRO.
  2643 | D:4      | 2643 ||| READING 3 scrolls of identify.
  2643 | D:4      | 2643 ||| IDENTIFYING viscous clear potion
  2644 | D:4      | 2644 ||| DROPPING potion of brilliance.
  2653 | D:5      | Entered Level 5 of the Dungeon
  2761 | D:5      | Reached XP level 8. HP: 48/48 MP: 9/9
  2881 | D:5      | Reached skill level 8 in Ranged Weapons
  3269 | D:5      | Reached skill level 9 in Ranged Weapons
  3489 | D:5      | Reached skill level 6 in Fighting
  3642 | D:5      | 3642 ||| READING scroll labelled ASYQYI XUPS.
  3648 | D:6      | Noticed a wyvern
  3657 | D:6      | Killed a wyvern
  3658 | D:6      | Reached XP level 9. HP: 48/55 MP: 10/10
  3716 | D:6      | 3716 ||| FLEEEEING.
  3723 | D:6      | 3723 ||| Stepping ~*~*~tactically~*~*~ (outnumbered).
  3733 | D:6      | Reached skill level 10 in Ranged Weapons
  3737 | D:6      | Noticed Grinder
  3749 | D:6      | HP: 13/55 [Grinder (2)]
  3750 | D:6      | 3750 ||| READING 2 scrolls of teleportation.
  3750 | D:6      | HP: 6/55 [gnoll/+0 spear[a gnoll bouda] (8)]
  4016 | D:6      | Reached skill level 3 in Dodging
  4118 | D:6      | Found a staircase to the Ecumenical Temple.
  4119 | D:6      | 4119 ||| PLANNING TEMPLE
  4125 | Temple   | Entered the Ecumenical Temple
  4125 | Temple   | Found a transporter.
  4125 | Temple   | Found a transporter.
  4127 | Temple   | Found a transporter.
  4127 | Temple   | Found a transporter.
  4137 | Temple   | 4137 ||| PLANNING D:1-11
  4142 | Temple   | 4142 ||| PLANNING OKAWARU WORSHIP
  4149 | Temple   | Became a worshipper of Warmaster Okawaru
  4150 | Temple   | 4150 ||| PLANNING D:1-11
  4243 | D:6      | Found a bloodstained altar of Trog.
  4434 | D:6      | 4434 ||| Stepping ~*~*~tactically~*~*~ (outnumbered).
  4658 | D:6      | 4658 ||| DRINKING 2 purple potions.
  4659 | D:6      | 4659 ||| READING 5 scrolls of identify.
  4659 | D:6      | 4659 ||| IDENTIFYING clear potion
  4660 | D:6      | 4660 ||| DROPPING potion of degeneration.
  4709 | D:7      | 4709 ||| Stepping ~*~*~tactically~*~*~ (cloud).
  4740 | D:7      | Found a blossoming altar of Fedhas.
  4830 | D:7      | Reached skill level 11 in Ranged Weapons
  4953 | D:7      | Reached * piety under Okawaru
  4999 | D:7      | Reached skill level 1 in Invocations
  5012 | D:7      | 5012 ||| INVOKING Heroism.
  5085 | D:7      | 5085 ||| SWAPPING to +0 orcbow.
  5086 | D:7      | 5086 ||| DROPPING +0 shortbow.
  5087 | D:7      | 5087 ||| DROPPING +4 sling of draining.
  5198 | D:7      | Noticed Pikel
  5198 | D:7      | 5198 ||| INVOKING Heroism.
  5207 | D:7      | 5207 ||| Stepping ~*~*~tactically~*~*~ (outnumbered).
  5214 | D:7      | Reached XP level 10. HP: 59/64 MP: 9/11
  5224 | D:7      | 5224 ||| INVOKING Heroism.
  5227 | D:7      | Killed Pikel
  5243 | D:7      | 5243 ||| INVOKING Heroism.
  5392 | D:7      | Reached skill level 3 in Invocations
  5525 | D:7      | Noticed Menkaure
  5526 | D:7      | 5526 ||| INVOKING Heroism.
  5533 | D:7      | Killed Menkaure
  5555 | D:7      | Found a shimmering altar of Xom.
  5688 | D:7      | Found a runed translucent door.
  5689 | D:7      | Noticed Crazy Yiuf
  5692 | D:7      | 5692 ||| READING 2 scrolls labelled VUKEJA ONLEEWN.
  5693 | D:7      | 5693 ||| DROPPING scroll of fog.
  5795 | D:8      | 5795 ||| FLEEEEING.
  5796 | D:8      | 5796 ||| FLEEEEING.
  5797 | D:8      | 5797 ||| FLEEEEING.
  5798 | D:8      | 5798 ||| FLEEEEING.
  5800 | D:8      | 5800 ||| FLEEEEING.
  5801 | D:8      | 5801 ||| FLEEEEING.
  5802 | D:8      | 5802 ||| FLEEEEING.
  5804 | D:8      | 5804 ||| FLEEEEING.
  5805 | D:8      | 5805 ||| FLEEEEING.
  5806 | D:8      | 5806 ||| FLEEEEING.
  5807 | D:8      | 5807 ||| FLEEEEING.
  5808 | D:8      | 5808 ||| FLEEEEING.
  5809 | D:8      | 5809 ||| FLEEEEING.
  5810 | D:8      | 5810 ||| FLEEEEING.
  5811 | D:8      | 5811 ||| STAIRDANCE
  5984 | D:8      | 5984 ||| Stepping ~*~*~tactically~*~*~ (outnumbered).
  5986 | D:8      | 5986 ||| Stepping ~*~*~tactically~*~*~ (outnumbered).
  5988 | D:8      | 5988 ||| Stepping ~*~*~tactically~*~*~ (outnumbered).
  5990 | D:8      | 5990 ||| Stepping ~*~*~tactically~*~*~ (outnumbered).
  5992 | D:8      | 5992 ||| Stepping ~*~*~tactically~*~*~ (outnumbered).
  5997 | D:8      | 5997 ||| INVOKING Heroism.
  6037 | D:8      | 6037 ||| SWAPPING to +0 arbalest.
  6038 | D:8      | 6038 ||| INVOKING Heroism.
  6049 | D:8      | Reached skill level 12 in Ranged Weapons
  6121 | D:8      | 6121 ||| DROPPING +0 orcbow.
  6163 | D:8      | Noticed Psyche
  6164 | D:8      | 6164 ||| INVOKING Heroism.
  6179 | D:8      | Killed Psyche
  6356 | D:8      | Noticed a two-headed ogre
  6357 | D:8      | 6357 ||| INVOKING Heroism.
  6364 | D:8      | Killed a two-headed ogre
  6364 | D:8      | Reached ** piety under Okawaru
  6598 | D:8      | 6598 ||| UPGRADING to +0 troll leather armour.
  6608 | D:8      | 6608 ||| DROPPING +3 leather armour.
  6609 | D:8      | 6609 ||| UPGRADING to +4 ring of slaying {mikee}.
  6635 | D:9      | 6635 ||| STAIRDANCE
  6639 | D:8      | 6639 ||| INVOKING Heroism.
  6647 | D:8      | Reached skill level 3 in Armour
  6711 | D:9      | Reached skill level 13 in Ranged Weapons
  6711 | D:9      | Reached XP level 11. HP: 65/69 MP: 14/14
  6715 | D:9      | Reached skill level 9 in Fighting
  6754 | D:9      | 6754 ||| INVOKING Heroism.
  6906 | D:9      | 6906 ||| INVOKING Heroism.
  7173 | D:9      | 7173 ||| INVOKING Heroism.
  7218 | D:9      | 7218 ||| READING 8 scrolls of identify.
  7218 | D:9      | 7218 ||| IDENTIFYING sapphire potion
  7247 | D:10     | Entered Level 10 of the Dungeon
  7256 | D:10     | 7256 ||| FLEEEEING.
  7257 | D:10     | 7257 ||| FLEEEEING.
  7258 | D:10     | 7258 ||| FLEEEEING.
  7259 | D:10     | 7259 ||| STAIRDANCE
  7369 | D:10     | 7369 ||| STAIRDANCE
  7393 | D:10     | 7393 ||| STAIRDANCE
  7501 | D:10     | Noticed a two-headed ogre
  7502 | D:10     | 7502 ||| INVOKING Heroism.
  7506 | D:10     | Killed a two-headed ogre
  7506 | D:10     | Reached *** piety under Okawaru
  7555 | D:10     | Found a staircase to the Lair.
  7564 | D:10     | 7564 ||| INVOKING Heroism.
  7647 | D:10     | 7647 ||| INVOKING Heroism.
  7654 | D:10     | Reached skill level 14 in Ranged Weapons
  7727 | D:10     | Noticed a two-headed ogre
  7728 | D:10     | 7728 ||| INVOKING Heroism.
  7740 | D:10     | Killed a two-headed ogre
  7903 | D:10     | 7903 ||| INVOKING Heroism.
  7926 | D:10     | 7926 ||| Stepping ~*~*~tactically~*~*~ (outnumbered).
  7928 | D:10     | 7928 ||| Stepping ~*~*~tactically~*~*~ (outnumbered).
  7930 | D:10     | 7930 ||| Stepping ~*~*~tactically~*~*~ (outnumbered).
  7932 | D:10     | 7932 ||| Stepping ~*~*~tactically~*~*~ (outnumbered).
  8054 | D:10     | Found a staircase to the Orcish Mines.
  8055 | D:10     | 8055 ||| INVOKING Heroism.
  8062 | D:10     | 8062 ||| Stepping ~*~*~tactically~*~*~ (outnumbered).
  8063 | D:10     | 8063 ||| Stepping ~*~*~tactically~*~*~ (outnumbered).
  8082 | D:10     | 8082 ||| INVOKING Heroism.
  8166 | D:10     | 8166 ||| INVOKING Heroism.
  8198 | D:10     | Noticed a vault guard
  8205 | D:10     | 8205 ||| INVOKING Heroism.
  8211 | D:10     | Killed a vault guard
  8248 | D:10     | Found a portal to a secret trove of treasure.
  8274 | D:10     | 8274 ||| PLANNING LAIR
  8278 | Lair:1   | Entered Level 1 of the Lair of Beasts
  8281 | Lair:1   | Found a transporter.
  8282 | Lair:1   | Noticed a boulder beetle
  8283 | Lair:1   | Found a transporter.
  8283 | Lair:1   | Noticed a boulder beetle
  8307 | Lair:1   | 8307 ||| READING scroll of enchant armour.
  8307 | Lair:1   | 8307 ||| ENCHANTING +0 pair of gloves.
  8309 | Lair:1   | 8309 ||| INVOKING Heroism.
  8354 | Lair:1   | 8354 ||| INVOKING Heroism.
  8451 | Lair:1   | Reached **** piety under Okawaru
  8452 | Lair:1   | Reached skill level 15 in Ranged Weapons
  8461 | Lair:1   | Reached XP level 12. HP: 65/77 MP: 15/15
  8462 | Lair:1   | 8462 ||| INVOKING Heroism.
  8608 | Lair:1   | 8608 ||| READING scroll of enchant weapon.
  8608 | Lair:1   | 8608 ||| ENCHANTING +0 arbalest.
  8832 | Lair:1   | Reached skill level 6 in Invocations
  8978 | Lair:1   | 8978 ||| DROPPING +0 leather armour of poison resistance.
  8979 | Lair:1   | 8979 ||| READING 10 scrolls of identify.
  8979 | Lair:1   | 8979 ||| IDENTIFYING sedimented dark potion
  8980 | Lair:1   | 8980 ||| DROPPING potion of attraction.
  9002 | Lair:2   | 9002 ||| INVOKING Heroism.
  9006 | Lair:2   | Noticed Harold
  9020 | Lair:2   | Killed Harold
  9024 | Lair:2   | 9024 ||| FLEEEEING.
  9025 | Lair:2   | 9025 ||| INVOKING Heroism.
  9039 | Lair:2   | Received a gift from Okawaru
  9208 | Lair:2   | Found a staircase to the Shoals.
  9315 | Lair:2   | 9315 ||| INVOKING Heroism.
  9457 | Lair:2   | You are sucked into a shaft and drop 2 floors!
  9457 | Lair:4   | Found a sparkling altar of Nemelex Xobeh.
  9675 | Lair:4   | 9675 ||| DROPPING +3 leather armour.
  9676 | Lair:4   | 9676 ||| READING 9 scrolls of identify.
  9676 | Lair:4   | 9676 ||| IDENTIFYING dark potion
  9677 | Lair:4   | 9677 ||| READING 8 scrolls of identify.
  9677 | Lair:4   | 9677 ||| IDENTIFYING inky potion
  9678 | Lair:4   | 9678 ||| DROPPING potion of invisibility.
  9704 | Lair:3   | Reached ***** piety under Okawaru
  9794 | Lair:3   | 9794 ||| INVOKING Heroism.
 10076 | Lair:2   | Reached skill level 9 in Invocations
 10080 | Lair:2   | 10080 ||| READING scroll of enchant weapon.
 10080 | Lair:2   | 10080 ||| ENCHANTING +1 arbalest.
 10221 | Lair:3   | Reached skill level 16 in Ranged Weapons
 10226 | Lair:3   | 10226 ||| INVOKING Heroism.
 10235 | Lair:3   | Identified the +0 buckler "Ojushefiuj" {rCorr Str+2 Dex+6}
                  | (Okawaru gifted it to you on level 3 of the Lair of Beasts)
 10235 | Lair:3   | Received a gift from Okawaru
 10236 | Lair:3   | Reached XP level 13. HP: 59/82 MP: 17/19
 10260 | Lair:3   | Found a staircase to the Snake Pit.
 10301 | Lair:3   | 10301 ||| INVOKING Heroism.
 10540 | Lair:3   | Found a burning altar of Makhleb.
 10581 | Lair:3   | 10581 ||| INVOKING Heroism.
 10601 | Lair:3   | HP: 19/84 [seven-headed hydra (13)]
 10601 | Lair:3   | HP: 7/84 [seven-headed hydra (12)]
 10602 | Lair:3   | 10602 ||| READING 7 scrolls of teleportation.
 10602 | Lair:3   | HP: 2/84 [seven-headed hydra (6)]
 10603 | Lair:3   | 10603 ||| DRINKING 3 potions of heal wounds.
 10669 | Lair:3   | 10669 ||| INVOKING Heroism.
 10808 | Lair:3   | 10808 ||| READING 8 scrolls of identify.
 10808 | Lair:3   | 10808 ||| IDENTIFYING amethyst potion
 10809 | Lair:3   | 10809 ||| DROPPING potion of lignification.
 10866 | Lair:4   | 10866 ||| INVOKING Heroism.
 10903 | Lair:4   | Noticed Josephine
 10907 | Lair:4   | Killed Josephine
 10908 | Lair:4   | 10908 ||| FLEEEEING.
 10909 | Lair:4   | 10909 ||| FLEEEEING.
 10910 | Lair:4   | 10910 ||| FLEEEEING.
 10911 | Lair:4   | 10911 ||| FLEEEEING.
 10912 | Lair:4   | 10912 ||| FLEEEEING.
 10913 | Lair:4   | 10913 ||| FLEEEEING.
 10914 | Lair:4   | 10914 ||| FLEEEEING.
 10952 | Lair:4   | Noticed Rupert
 10953 | Lair:4   | 10953 ||| INVOKING Heroism.
 10954 | Lair:4   | 10954 ||| INVOKING Finesse.
 10958 | Lair:4   | Paralysed by Rupert for 5 turns
 10964 | Lair:4   | 10964 ||| DRINKING 7 potions of curing.
 10964 | Lair:4   | 10964 ||| (to cure confusion)
 10969 | Lair:4   | Killed Rupert
 11211 | Lair:4   | Found a runed translucent door.
 11211 | Lair:4   | Found a viscous altar of Jiyva.
 11362 | Lair:4   | 11362 ||| INVOKING Heroism.
 11477 | Lair:4   | Found a staircase to the Slime Pits.
 11477 | Lair:4   | Noticed an azure jelly
 11478 | Lair:4   | 11478 ||| UPGRADING to ring of protection from cold.
 11479 | Lair:4   | 11479 ||| READING scroll labelled FIOPYADGHESE.
 11614 | Lair:5   | Entered Level 5 of the Lair of Beasts
 11615 | Lair:5   | 11615 ||| INVOKING Heroism.
 11620 | Lair:5   | Reached skill level 17 in Ranged Weapons
 11655 | Lair:5   | 11655 ||| INVOKING Heroism.
 11661 | Lair:5   | HP: 15/84 [cane toad (17)]
 11662 | Lair:5   | 11662 ||| READING 6 scrolls of teleportation.
 11663 | Lair:5   | 11663 ||| DRINKING 2 potions of heal wounds.
 11673 | Lair:5   | HP: 15/84 [cane toad (15)]
 11674 | Lair:5   | 11674 ||| READING 5 scrolls of teleportation.
 11675 | Lair:5   | 11675 ||| DRINKING potion of heal wounds.
 11687 | Lair:5   | 11687 ||| INVOKING Heroism.
 11723 | Lair:5   | Received a gift from Okawaru
 11764 | Lair:5   | 11764 ||| INVOKING Heroism.
 11800 | Lair:5   | HP: 15/84 [skyshark (10)]
 11801 | Lair:5   | 11801 ||| READING 4 scrolls of teleportation.
 11803 | Lair:5   | HP: 3/84 [blink frog (13)]
 11803 | Lair:5   | Slain by a cane toad

Levels and vault maps discovered:
D:1:      dpeg_arrival_stone_temple_mockup, layout_rooms, serial_corexii_hall,
          chequers_hall_statues_wall_a, corexii_hall_statues_deadend,
          minmay_misc_feat_encased, minmay_pentomino_r2
D:2:      layout_rooms
D:3:      minmay_recursive_quarters, layout_basic, uniq_jessica
D:4:      layout_gridville, st_stairs_12, uniq_natasha
D:5:      wad_pebble_path, layout_cave_pods, minmay_joined_circles
D:6:      layout_loops_ring, kennysheep_mini,
          minmay_temple_entry_enclosed_plants, uniq_grinder
D:7:      layout_rooms, mainiacjoe_overflow_cross_hatched, fedhas_altar_3,
          serial_undead, serial_undead_c, serial_undead_a, serial_undead_c,
          serial_undead_a, serial_undead_f, serial_undead_a, serial_undead_b,
          serial_undead_c, serial_undead_c, serial_undead_b,
          minmay_misc_feat_five, dk_vineyard_2, serial_bayou_pond_c, uniq_pikel,
          uniq_crazy_yiuf_cottage, uniq_menkaure
D:8:      layout_rooms, minmay_misc_feat_tiny, uniq_psyche
D:9:      layout_basic
D:10:     layout_irregular_city, david_lair_shrubbed,
          kennysheep_orc_monster_closet_entryway, enter_trove_5,
          hangedman_abyss_or_decor_passed, minmay_misc_feat_more_columns
Temple:   hellmonk_temple_divided_pantheon
Lair:1:   gammafunk_boulding_lane, layout_regular_city,
          infiniplex_staircase_pool
Lair:2:   layout_chaotic_city, shoals_dummy_entry, serial_forest,
          infiniplex_forest_straight_4, infiniplex_forest_lined_room_,
          infiniplex_forest_side_room, infiniplex_forest_straight_5, uniq_harold
Lair:3:   layout_big_grid, minmay_snake_entry_six_corridors, basic_altar,
          nicolae_quartered_pool_super, lemuel_fruit_tree
Lair:4:   layout_small_grid, slime_entry_2, basic_altar, st_stairs_13,
          serial_bayou_shore_b, uniq_rupert, uniq_josephine
Lair:5:   minmay_lair_end_frog_pond, layout_misc_corridors, minmay_hedge_maze,
          nicolae_lair_grove_arrangements

Skill      XL: |  1  2  3  4  5  6  7  8  9 10 11 12 13 |
---------------+----------------------------------------+-----
Ranged Weapons | 3 4 5 6 7 9 11 13 15 16 17 | 17.8
Fighting       | 2 3 4 6 7 8 10 11 | 11.0
Armour         | 1 2 3 4 5 |  5.0
Dodging        | 2 3 4 5 |  5.0
Invocations    | 2 4 9 10 | 10.0
Spellcasting   | |  1.0
Hexes          | |  2.6

Action                     |  1- 3 |  4- 6 |  7- 9 | 10-12 | 13-15 || total
---------------------------+-------+-------+-------+-------+-------++-------
   Fire: Sling             |   133 |   194 |   383 |       |       ||   710
         Orcbow            |       |       |    16 |   158 |       ||   174
         Arbalest          |       |       |       |   529 |   254 ||   783
 Invoke: Heroism           |       |       |     2 |    28 |    10 ||    40
         Finesse           |       |       |       |       |     1 ||     1
    Use: Scroll            |     7 |     9 |     8 |     8 |     6 ||    38
         Potion            |       |     1 |     1 |       |     4 ||     6
 Armour: Robe              |     5 |       |       |       |       ||     5
         Ring mail         |    22 |    69 |       |       |       ||    91
         Leather armour    |       |    17 |   109 |    25 |       ||   151
         Troll leather arm |       |       |       |   134 |    95 ||   229
         Skin              |       |       |       |     2 |       ||     2
  Dodge: Dodged            |    39 |    93 |   148 |   328 |   187 ||   795
  Block: Other             |       |    17 |    52 |   117 |    61 ||   247
         Reflection        |       |       |     1 |     5 |       ||     6

Table legend:
 A = Non-vault XP
 B = Vault XP
 C = Vault XP percentage of total XP
 D = Non-vault monster count
 E = Vault monster count
 F = Vault count percentage of total count
                 A         B        C        D         E       F
            +---------+---------+-------+---------+---------+-------
      Total |   34093 |   18127 |  34.7 |     298 |      92 |  23.6
            +---------+---------+-------+---------+---------+-------
        D:1 |      18 |       1 |   5.3 |      12 |       1 |   7.7
        D:2 |      16 |       0 |   0.0 |      11 |       0 |   0.0
        D:3 |     163 |      56 |  25.6 |      31 |       6 |  16.2
        D:4 |     757 |      40 |   5.0 |      18 |       3 |  14.3
        D:5 |     846 |     286 |  25.3 |      18 |       5 |  21.7
        D:6 |    1245 |       0 |   0.0 |      23 |       0 |   0.0
        D:7 |    1024 |    2086 |  67.1 |      26 |      20 |  43.5
        D:8 |    2008 |     397 |  16.5 |      21 |       1 |   4.5
        D:9 |    2207 |       0 |   0.0 |      27 |       0 |   0.0
       D:10 |    3016 |    2658 |  46.8 |      19 |      22 |  53.7
     Lair:1 |    4732 |       0 |   0.0 |      22 |       0 |   0.0
     Lair:2 |    2881 |     897 |  23.7 |      11 |       1 |   8.3
     Lair:3 |    7184 |    2611 |  26.7 |      29 |      11 |  27.5
     Lair:4 |    5154 |    3505 |  40.5 |      21 |       6 |  22.2
     Lair:5 |    2842 |    5590 |  66.3 |       9 |      16 |  64.0
            +---------+---------+-------+---------+---------+-------
